 Dungeon Crawl Stone Soup version 0.22.1-6-g1668fe2c40 (webtiles) character file.

983 Kohma the Sneak (level 7, -2/32 HPs)
             Began as a Spriggan Enchanter on Jan 21, 2019.
             Slain by a wolf (8 damage)
             ... led by Grum
             ... on level 8 of the Dungeon.
             The game lasted 00:24:51 (6839 turns).

Kohma the Sneak (Spriggan Enchanter)                Turns: 6839, Time: 00:24:51

Health: -2/32      AC:  4    Str:  4    XL:     7   Next: 96%
Magic:  14/14      EV: 11    Int: 16    God:
Gold:   346        SH:  0    Dex: 19    Spells: 5/14 levels left

rFire    . . .     SeeInvis +   a - +2 dagger
rCold    + . .     Gourm    .   (shield restricted)
rNeg     . . .     Faith    .   b - +0 robe
rPois    .         Spirit   .   (helmet restricted)
rElec    .         Reflect  .   h - +1 cloak
rCorr    .         Harm     .   (gloves unavailable)
MR       +....                  (boots unavailable)
Stlth    +++++.....             i - amulet of magic regeneration
HPRegen  0.10/turn              v - ring of stealth
MPRegen  0.39/turn              x - ring of protection from cold

@: held, very quick
A: very small, unfitting armour, see invisible, herbivore, speed 3, slow
metabolism 2
a: no special abilities


You were on level 8 of the Dungeon.
You were not hungry.

You visited 1 branch of the dungeon, and saw 7 of its levels.

You collected 346 gold pieces.

Inventory:

Hand Weapons
 a - a +2 dagger (weapon)
 u - a +2 hunting sling of freezing
 D - a +1 vampiric rapier
Missiles
 e - 13 poisoned needles
 g - 165 stones (quivered)
 r - 2 curare-tipped needles
 s - 5 needles of confusion
Armour
 b - a +0 robe (worn)
 h - a +1 cloak (worn)
Jewellery
 i - an amulet of magic regeneration (around neck)
 v - a ring of stealth (left hand)
 x - a ring of protection from cold (right hand)
Wands
 q - a wand of flame (62)
 t - a wand of clouds (5)
 y - a wand of acid (3)
 B - a wand of random effects (13)
Scrolls
 c - 3 scrolls of immolation
 j - a scroll of fear {unknown}
 n - a scroll of blinking
 o - a scroll of teleportation
Potions
 f - a potion of agility {unknown}
 k - 2 potions of haste
 l - 5 potions of heal wounds
 m - 2 potions of curing
 p - 2 potions of might {unknown}
 w - 2 potions of invisibility {unknown}
 z - a potion of mutation {unknown}
 A - a potion of brilliance {unknown}
 C - a potion of flight {unknown}
Comestibles
 d - 6 rations


   Skills:
 * Level 5.2 Short Blades
 + Level 6.3 Dodging
 + Level 6.9 Stealth
 + Level 4.4 Spellcasting
 - Level 6.0 Hexes
 - Level 2.1 Ice Magic


You had 5 spell levels left.
You knew the following spells:

 Your Spells              Type           Power        Failure   Level  Hunger
a - Corona                Hex            ###....      1%          1    None
b - Ensorcelled Hibernat  Hex/Ice        ###...       4%          2    ##.....
c - Confuse               Hex            ###.....     4%          3    ###....
d - Tukima's Dance        Hex            ###.....     4%          3    ###....

Your spell library contained the following spells:

 Spells                   Type           Power        Failure   Level  Hunger
 Dazzling Spray           Conj/Hex       ##....       14%         3    ###....


Dungeon Overview and Level Annotations

Branches:
Dungeon (6/15)             Temple (0/1) D:6

Altars:
Dithmenos
Gozag
Makhleb
Nemelex Xobeh
Okawaru
Qazlal
Uskayaw
Zin
The Shining One

Shops:
D:3 *

Annotations:
D:4 2 transporters
D:8 Grum, Harold


Innate Abilities, Weirdness & Mutations

You are very small and have problems with some larger weapons.
You are too small for most types of armour.
You have supernaturally acute eyesight. (SInv)
You are a herbivore.
You cover ground extremely quickly.
You need to consume almost no food.


Message History

Harold the Weathered comes into view.
He is wielding a halberd.
Found a long sword.
There is a stone staircase leading down here.
A wolf and Grum come into view.
Found an escape hatch in the floor.
There is a stone staircase leading up here.
Grum growls angrily.
Harold shouts!
You hear a howl!
The wolf howls!
You see here 16 gold pieces.
You now have 346 gold pieces (gained 16).
A wolf comes into view.
Harold throws a throwing net.
The throwing net hits you.
You become entangled in the net!
You struggle against the net.
Harold drinks a potion.
Harold seems to speed up.
You struggle against the net.
You struggle against the net.
The wolf barely misses you.
Harold hits you from afar with a halberd!!
Ouch! That really hurt!
* * * LOW HITPOINT WARNING * * *
The wolf bites you!
You die...

...........#
............##
.............
............#### .
.>.............### ..
...........###...## ..
.........>........## .#
...)....<.......#..###.#
.....@h@........##.##..#
.....g..[...........#.##
....h...........##.....#
............<...........
................##.##(##
.......#####.#####..#.##
......# #.# .<...#
...... . ..#..## ..###.


You could see Harold, Grum and 2 wolves.

Vanquished Creatures
  Menkaure (D:6)
  A phantom (D:6)
  An ogre (D:4)
  A centaur (D:4)
  A scorpion (D:4)
  A howler monkey (D:4)
  A crimson imp (D:6)
  3 hounds
  An iguana (D:4)
  Natasha (thrice) (D:4)
  4 orc wizards
  2 hound skeletons (D:4)
  7 adders
  A shadow imp (D:5)
  An ooze (D:2)
  An adder skeleton (D:4)
  2 worms (D:3)
  2 dart slugs
  3 leopard geckos
  6 orcs
  2 giant cockroaches
  6 goblins
  5 hobgoblins
  5 jackals
  6 kobolds
  2 quokkas
  A ball python (D:1)
  4 bats
  6 frilled lizards
  A jackal skeleton (D:4)
  A leopard gecko zombie (D:6)
  7 rats
89 creatures vanquished.

Notes
Turn   | Place    | Note
-------+----------+-------------------------------------------
     0 | D:1      | Kohma the Spriggan Enchanter began the quest for the Orb.
     0 | D:1      | Reached XP level 1. HP: 9/9 MP: 5/5
   484 | D:1      | Reached XP level 2. HP: 13/13 MP: 6/6
   581 | D:1      | Learned a level 2 spell: Ensorcelled Hibernation
  1538 | D:2      | Reached skill level 5 in Hexes
  1538 | D:2      | Reached XP level 3. HP: 11/16 MP: 5/8
  2349 | D:3      | Found a burning altar of Makhleb.
  2436 | D:3      | Reached skill level 1 in Ice Magic
  2436 | D:3      | Reached XP level 4. HP: 9/21 MP: 1/9
  2921 | D:3      | Found a faded altar of an unknown god.
  3239 | D:3      | Found an opulent altar of Gozag.
  3240 | D:3      | Found Gozag's Platinum Reserve.
  3406 | D:4      | Noticed Natasha
  3454 | D:4      | Noticed a centaur
  3464 | D:4      | Killed a centaur
  3464 | D:4      | Reached XP level 5. HP: 23/24 MP: 5/10
  3469 | D:4      | Learned a level 3 spell: Confuse
  3473 | D:4      | Learned a level 3 spell: Tukima's Dance
  3528 | D:4      | Noticed an air elemental
  3530 | D:4      | Found a stormy altar of Qazlal.
  3539 | D:4      | Noticed a fire elemental
  3543 | D:4      | Noticed a water elemental
  3648 | D:4      | Reached XP level 6. HP: 17/28 MP: 6/11
  3793 | D:4      | Reached skill level 5 in Stealth
  3822 | D:4      | Reached skill level 5 in Dodging
  3995 | D:4      | Killed Natasha
  4029 | D:4      | Found a transporter.
  4585 | D:4      | Found a transporter.
  4640 | D:4      | Noticed Natasha
  4645 | D:4      | Killed Natasha
  4697 | D:4      | Reached XP level 7. HP: 26/32 MP: 6/13
  4884 | D:4      | Noticed Natasha
  5168 | D:4      | Killed Natasha
  5293 | D:4      | Found a hide-covered altar of Uskayaw.
  5294 | D:4      | Found a sparkling altar of Nemelex Xobeh.
  5297 | D:4      | Found a glowing silver altar of Zin.
  5463 | D:5      | Entered Level 5 of the Dungeon
  5616 | D:5      | Found an iron altar of Okawaru.
  5805 | D:5      | Found a shadowy altar of Dithmenos.
  5993 | D:5      | Found a glowing golden altar of the Shining One.
  6505 | D:6      | Noticed Menkaure
  6542 | D:6      | Killed Menkaure
  6542 | D:6      | Reached skill level 5 in Short Blades
  6813 | D:6      | Found a staircase to the Ecumenical Temple.
  6814 | D:6      | You fall through a shaft for 2 floors!
  6832 | D:8      | Noticed Harold
  6834 | D:8      | Noticed Grum
  6839 | D:8      | Slain by a wolf

Skill      XL: |  1  2  3  4  5  6  7 |
---------------+----------------------+-----
Hexes          | 4 5 6 |  6.0
Spellcasting   | 3 4 |  4.4
Ice Magic      | 1 2 |  2.1
Short Blades   | 2 3 5 |  5.2
Dodging        | 4 5 6 |  6.3
Stealth        | 5 6 |  6.9

Action                   |  1- 3 |  4- 6 |  7- 9 || total
-------------------------+-------+-------+-------++-------
Melee: Dagger            |   174 |    91 |   100 ||   365
 Cast: Ensorcelled Hiber |    23 |    31 |    23 ||    77
       Confuse           |       |     1 |     5 ||     6
  Use: Scroll            |       |       |    14 ||    14
 Stab: Sleeping          |    17 |    25 |    14 ||    56
       Confused          |       |       |     4 ||     4
       Distracted        |       |       |     2 ||     2
  Eat: Ration            |       |     3 |     1 ||     4
Armor: Robe              |    30 |     9 |     5 ||    44
Dodge: Dodged            |   137 |    77 |    58 ||   272
